3L
OAKLAND OAKS @ LONG ISLAND LIGHTHOUSE
08/29/2041
 
TOP OF THE 1ST
Oakland Oaks batting - Pitching for Long Island Lighthouse : RHP Jeremy Brody
Pitching: RHP Jeremy Brody
Batting: LHB Norbert Ingalsbe 0-0: Ground out 6-3 (Groundball, 56, EV 102.5 MPH)
Batting: RHB Sebastian Franke 0-0: Swinging Strike
0-1: Called Strike
0-2: Foul Ball, location: 2F
0-2: Ball
1-2: Ball
2-2: Ball
3-2: Base on Balls
Batting: LHB Gabriel Montoya 0-0: Fly out, F8 (Flyball, 8RD, EV 90.0 MPH)
Batting: SHB Cecil Nelson 0-0: Foul Ball, location: 2F
0-1: Ball
1-1: Called Strike
1-2: Strikes out swinging
Top of the 1st over - 0 runs, 0 hits, 0 errors, 1 left on base; Oakland 0 - Long Island 0
BOTTOM OF THE 1ST
Long Island Lighthouse batting - Pitching for Oakland Oaks : RHP Fernando Varela
Pitching: RHP Fernando Varela
Batting: RHB Eugene Bennett 0-0: Ball
1-0: Ball
2-0: Ball
3-0: Base on Balls
Batting: RHB Mark Toope 0-0: Swinging Strike
0-1: Ball
1-1: Ball
2-1: Ball
3-1: Foul Ball, location: 2F
3-2: DOUBLE (Line Drive, 89D, EV 109.4 MPH)
Eugene Bennett to third
Eugene Bennett scores
Batting: RHB Jonas van Claveren 0-0: Ball
1-0: Foul Ball, location: 2F
1-1: Swinging Strike
1-2: SINGLE (Groundball, 34D, EV 100.6 MPH)
Mark Toope to third
Batting: RHB Oliver Villalva 0-0: Fly out, F9 (Flyball, 9LM, EV 94.4 MPH)
Runner from 3rd tags up, SCORES, no throw by RF
Batting: SHB Vicente Romero 0-0: Ball
Jonas van Claveren is caught stealing 2nd base 2-6
1-0: Ball
2-0: Foul Ball, location: 2F
2-1: Foul Ball, location: 2F
2-2: Foul Ball, location: 2F
2-2: DOUBLE (Line Drive, 8RXD, EV 108.1 MPH)
Pitching: RHP Larry Strozier
Batting: RHB Carlos Mendoza 0-0: Swinging Strike
0-1: Ball
1-1: Called Strike
1-2: Fly out, F7 (Flyball, 7LS, EV 79.4 MPH)
Bottom of the 1st over - 2 runs, 3 hits, 0 errors, 1 left on base; Oakland 0 - Long Island 2
TOP OF THE 2ND
Oakland Oaks batting - Pitching for Long Island Lighthouse : RHP Jeremy Brody
Batting: LHB Conor Gotaas 0-0: Called Strike
0-1: Ball
1-1: Ball
2-1: Called Strike
2-2: Ball
3-2: Strikes out swinging
Batting: RHB Johnny Jones 0-0: Swinging Strike
0-1: Foul Ball, location: 2F
0-2: Ball
1-2: Foul Ball, location: 2F
1-2: Ball
2-2: Foul Ball, location: 2F
2-2: Strikes out swinging
Batting: LHB Michael Witt 0-0: Called Strike
0-1: Called Strike
0-2: Ball
1-2: Ground out 6-3 (Groundball, 6, EV 77.5 MPH)
Top of the 2nd over - 0 runs, 0 hits, 0 errors, 0 left on base; Oakland 0 - Long Island 2
BOTTOM OF THE 2ND
Long Island Lighthouse batting - Pitching for Oakland Oaks : RHP Larry Strozier
Batting: RHB Quan Easterling 0-0: Called Strike
0-1: Foul Ball, location: 2F
0-2: SOLO HOME RUN (Flyball, 7D, EV 100.0 MPH), Distance : 387 ft
Batting: LHB Daniel Joseph 0-0: Called Strike
0-1: Ground out 6-3 (Groundball, 6, EV 84.4 MPH)
Batting: RHB Nathan Pruitt 0-0: Ball
1-0: Foul Ball, location: 2F
1-1: Called Strike
1-2: Foul Ball, location: 2F
1-2: Strikes out swinging
Batting: RHB Eugene Bennett 0-0: Ball
1-0: Swinging Strike
1-1: Called Strike
1-2: SINGLE (Groundball, 6MD, EV 105.0 MPH)
Batting: RHB Mark Toope 0-0: Ball
1-0: Called Strike
1-1: Foul Ball, location: 2F
1-2: Ball
2-2: Ball
3-2: Ground out 3-1 (Groundball, 34S, EV 63.1 MPH)
Bottom of the 2nd over - 1 run, 2 hits, 0 errors, 1 left on base; Oakland 0 - Long Island 3
TOP OF THE 3RD
Oakland Oaks batting - Pitching for Long Island Lighthouse : RHP Jeremy Brody
Batting: RHB Tony Hernández 0-0: Called Strike
0-1: SINGLE (Line Drive, 4MD, EV 98.8 MPH)
Batting: RHB Esteban Vázquez 0-0: Ball
1-0: Foul Ball, location: 2F
1-1: Ball
2-1: Fielders Choice at 2nd, 5-4 (Groundball, 5S, EV 90.6 MPH)
Batting: LHB Norbert Ingalsbe 0-0: Foul Ball, location: 2F
0-1: Ball
1-1: Ball
2-1: Ball
3-1: Fielders Choice at 2nd, 2-4 (Groundball, 2L, EV 64.4 MPH)
Batting: RHB Sebastian Franke 0-0: Fly out, F9 (Flyball, 9LM, EV 92.5 MPH)
Top of the 3rd over - 0 runs, 1 hit, 0 errors, 1 left on base; Oakland 0 - Long Island 3
BOTTOM OF THE 3RD
Long Island Lighthouse batting - Pitching for Oakland Oaks : RHP Larry Strozier
Batting: RHB Jonas van Claveren 0-0: Foul Ball, location: 2F
0-1: Foul Ball, location: 2F
0-2: Ball
1-2: Foul Ball, location: 2F
1-2: Strikes out swinging, 2-3 out at first.
Batting: RHB Oliver Villalva 0-0: Called Strike
0-1: Called Strike
0-2: Foul Ball, location: 2F
0-2: Ground out 6-3 (Groundball, 6, EV 102.5 MPH)
Batting: SHB Vicente Romero 0-0: Called Strike
0-1: Called Strike
0-2: Fly out, F7 (Flyball, 7S, EV 83.8 MPH)
Bottom of the 3rd over - 0 runs, 0 hits, 0 errors, 0 left on base; Oakland 0 - Long Island 3
TOP OF THE 4TH
Oakland Oaks batting - Pitching for Long Island Lighthouse : RHP Jeremy Brody
Batting: LHB Gabriel Montoya 0-0: Called Strike
0-1: Called Strike
0-2: Foul Ball, location: 2F
0-2: Fly out, F7 (Flyball, 7LM, EV 100.6 MPH)
Batting: SHB Cecil Nelson 0-0: Ball
1-0: Ball
2-0: SINGLE (Groundball, 4MD, EV 105.6 MPH)
Batting: LHB Conor Gotaas 0-0: Foul Ball, location: 2F
0-1: Ball
1-1: Foul Ball, location: 2F
1-2: Foul Ball, location: 2F
1-2: Grounds into double play, 6-4-3 (Groundball, 6, EV 96.9 MPH)
Top of the 4th over - 0 runs, 1 hit, 0 errors, 0 left on base; Oakland 0 - Long Island 3
BOTTOM OF THE 4TH
Long Island Lighthouse batting - Pitching for Oakland Oaks : RHP Larry Strozier
Batting: RHB Carlos Mendoza 0-0: Ball
1-0: Ground out 6-3 (Groundball, 6, EV 108.1 MPH)
Batting: RHB Quan Easterling 0-0: Ball
1-0: Ball
2-0: Foul Ball, location: 2F
2-1: Ball
3-1: Base on Balls
Batting: LHB Daniel Joseph 0-0: Called Strike
0-1: Foul Ball, location: 2F
0-2: Foul Ball, location: 2F
0-2: Foul Ball, location: 2F
0-2: Ball
1-2: Ball
2-2: Foul Ball, location: 2F
2-2: SINGLE (Groundball, 6MD, EV 97.5 MPH)
Quan Easterling to second
Runner from 2nd tries for 3rd, SAFE, throw by CF made to third
Batting: RHB Nathan Pruitt 0-0: Grounds into double play, 6-4-3 (Groundball, 6, EV 101.2 MPH)
Bottom of the 4th over - 0 runs, 1 hit, 0 errors, 1 left on base; Oakland 0 - Long Island 3
TOP OF THE 5TH
Oakland Oaks batting - Pitching for Long Island Lighthouse : RHP Jeremy Brody
Batting: RHB Johnny Jones 0-0: Ball
1-0: DOUBLE (Line Drive, 89XD, EV 103.8 MPH)
Batting: LHB Michael Witt 0-0: Called Strike
0-1: Called Strike
0-2: Ball
1-2: Strikes out swinging
Batting: RHB Tony Hernández 0-0: Ball
1-0: SINGLE (Groundball, 4MD, EV 95.0 MPH)
Johnny Jones to third
Runner from 3rd tries for Home, SAFE, throw by CF to home
Batting: RHB Esteban Vázquez 0-0: Ball
1-0: Ball
2-0: Ball
3-0: Called Strike
3-1: Called Strike
3-2: DOUBLE (Groundball, 5L, EV 106.9 MPH)
Tony Hernández to third
Runner from 3rd tries for Home, SAFE, no throw by LF
Batting: LHB Norbert Ingalsbe 0-0: Foul Ball, location: 2F
0-1: Ground out 3-1 (Groundball, 34S, EV 67.5 MPH)
Esteban Vázquez to third
Batting: RHB Sebastian Franke 0-0: Ball
1-0: Called Strike
1-1: Fly out, F3 (Line Drive, 3, EV 64.4 MPH)
Top of the 5th over - 2 runs, 3 hits, 0 errors, 1 left on base; Oakland 2 - Long Island 3
BOTTOM OF THE 5TH
Long Island Lighthouse batting - Pitching for Oakland Oaks : RHP Larry Strozier
Batting: RHB Eugene Bennett 0-0: Ball
1-0: Called Strike
1-1: DOUBLE (Line Drive, 5D, EV 101.9 MPH)
Batting: RHB Mark Toope 0-0: Called Strike
0-1: Foul Ball, location: 2F
0-2: Ball
1-2: Single, Error in OF, E7, batter to second base (Groundball, 56D, EV 98.1 MPH)
Eugene Bennett scores
Batting: RHB Jonas van Claveren 0-0: DOUBLE (Line Drive, 7LD, EV 104.4 MPH)
Mark Toope scores
Batting: RHB Oliver Villalva 0-0: Called Strike
0-1: Ball
1-1: Ball
2-1: SINGLE (Flyball, 89M, EV 91.9 MPH)
Jonas van Claveren to third
Batting: SHB Vicente Romero 0-0: Fielders Choice at 2nd, 4-6 (Groundball, 4, EV 83.8 MPH)
Jonas van Claveren scores
Batting: RHB Carlos Mendoza 0-0: Ball
1-0: Fly out, F7 (Flyball, 78S, EV 88.1 MPH)
Batting: RHB Quan Easterling 0-0: Called Strike
0-1: Called Strike
0-2: SINGLE (Flyball, 7LS, EV 85.0 MPH)
Vicente Romero to second
Batting: LHB Daniel Joseph 0-0: Called Strike
0-1: Ball
1-1: Called Strike
1-2: Foul Ball, location: 2F
1-2: Ball
2-2: Ball
3-2: Ground out 4-3 (Groundball, 4, EV 102.5 MPH)
Bottom of the 5th over - 3 runs, 5 hits, 1 error, 2 left on base; Oakland 2 - Long Island 6
TOP OF THE 6TH
Oakland Oaks batting - Pitching for Long Island Lighthouse : RHP Jeremy Brody
Batting: LHB Gabriel Montoya 0-0: Called Strike
0-1: SINGLE (Groundball, 34, EV 97.5 MPH)
Batting: SHB Cecil Nelson 0-0: Called Strike
0-1: Swinging Strike
0-2: Ball
Gabriel Montoya steals 2nd base
1-2: Ball
2-2: Ball
3-2: Reached on error, E1 (Groundball, 34S, EV 68.8 MPH)
Gabriel Montoya to third
Batting: LHB Conor Gotaas 0-0: Ball
1-0: Called Strike
1-1: Ball
2-1: Foul Ball, location: 2F
2-2: Strikes out swinging
Batting: RHB Johnny Jones 0-0: Ball
1-0: Called Strike
1-1: Foul Ball, location: 2F
1-2: Foul Ball, location: 2F
1-2: Grounds into double play, 6-4-3 (Groundball, 6, EV 108.8 MPH)
Top of the 6th over - 0 runs, 1 hit, 1 error, 1 left on base; Oakland 2 - Long Island 6
BOTTOM OF THE 6TH
Long Island Lighthouse batting - Pitching for Oakland Oaks : RHP Larry Strozier
Batting: RHB Nathan Pruitt 0-0: Ball
1-0: SOLO HOME RUN (Flyball, 78XD, EV 90.6 MPH), Distance : 403 ft
Pitching: LHP Risto Hannila
Batting: RHB Eugene Bennett 0-0: Called Strike
0-1: Ball
1-1: Ball
2-1: Called Strike
2-2: Ball
3-2: SINGLE (Line Drive, 3D, EV 95.0 MPH)
Batting: RHB Mark Toope 0-0: Called Strike
0-1: Foul Ball, location: 2F
0-2: Foul Ball, location: 2F
0-2: Ball
Eugene Bennett is caught stealing 2nd base 2-4
1-2: Foul Ball, location: 2F
1-2: Ball
2-2: Foul Ball, location: 2F
2-2: Foul Ball, location: 2F
2-2: Foul Ball, location: 2F
2-2: Foul Ball, location: 2F
2-2: Ball
3-2: Foul Ball, location: 2F
3-2: Fly out, F7 (Flyball, 7, EV 86.9 MPH)
Batting: RHB Jonas van Claveren 0-0: Ball
1-0: Ground out 1-3 (Groundball, P, EV 93.8 MPH)
Bottom of the 6th over - 1 run, 2 hits, 0 errors, 0 left on base; Oakland 2 - Long Island 7
TOP OF THE 7TH
Oakland Oaks batting - Pitching for Long Island Lighthouse : RHP Jeremy Brody
Batting: LHB Michael Witt 0-0: Called Strike
0-1: Ball
1-1: Ball
2-1: Called Strike
2-2: Foul Ball, location: 2F
2-2: Foul Ball, location: 2F
2-2: Foul Ball, location: 2F
2-2: Fly out, F7 (Flyball, 7S, EV 85.0 MPH)
Batting: RHB Tony Hernández 0-0: Fly out, F5 (Line Drive, 5, EV 76.9 MPH)
Batting: RHB Esteban Vázquez 0-0: Ball
1-0: Ball
2-0: Swinging Strike
2-1: Ball
3-1: Foul Ball, location: 2F
3-2: Strikes out looking
Top of the 7th over - 0 runs, 0 hits, 0 errors, 0 left on base; Oakland 2 - Long Island 7
BOTTOM OF THE 7TH
Long Island Lighthouse batting - Pitching for Oakland Oaks : LHP Risto Hannila
Batting: RHB Oliver Villalva 0-0: Called Strike
0-1: Foul Ball, location: 2F
0-2: Ball
1-2: SOLO HOME RUN (Flyball, 9D, EV 99.4 MPH), Distance : 389 ft
Batting: SHB Vicente Romero 0-0: Called Strike
0-1: Foul Ball, location: 2F
0-2: Ball
1-2: Ball
2-2: Strikes out swinging
Batting: RHB Carlos Mendoza 0-0: SINGLE (Flyball, 9LM, EV 91.2 MPH)
Batting: RHB Quan Easterling 0-0: Ball
1-0: Ball
2-0: Ball
3-0: Base on Balls
Carlos Mendoza to second
Batting: LHB Daniel Joseph 0-0: Ball
1-0: Swinging Strike
1-1: Foul Ball, location: 2F
1-2: Strikes out looking
Batting: RHB Nathan Pruitt 0-0: Ball
1-0: SINGLE (Flyball, 7S, EV 87.5 MPH)
Carlos Mendoza to third
Quan Easterling to second
Runner from 3rd tries for Home, SAFE, throw by LF to home
Pinch Hitting: LHB Héctor Velázquez 0-0: Ball
1-0: Called Strike
1-1: Ball
2-1: Ground out U3 (Groundball, 3L, EV 90.6 MPH)
Bottom of the 7th over - 2 runs, 3 hits, 0 errors, 2 left on base; Oakland 2 - Long Island 9
TOP OF THE 8TH
Oakland Oaks batting - Pitching for Long Island Lighthouse : RHP Jeremy Brody
Now in RF: Héctor Velázquez
Batting: LHB Norbert Ingalsbe 0-0: Ball
1-0: Foul Ball, location: 2F
1-1: Ground out 4-3 (Groundball, 4M, EV 80.6 MPH)
Batting: RHB Sebastian Franke 0-0: Foul Ball, location: 2F
0-1: SINGLE (Groundball, 56D, EV 106.2 MPH)
Batting: LHB Gabriel Montoya 0-0: Called Strike
0-1: Swinging Strike
0-2: Strikes out looking
Pitching: RHP James Lendell Basford
Batting: SHB Cecil Nelson 0-0: Ball
1-0: Called Strike
1-1: Ball
2-1: Foul Ball, location: 2F
2-2: Foul Ball, location: 2F
2-2: Fly out, F8 (Flyball, 8RXD, EV 105.6 MPH)
Top of the 8th over - 0 runs, 1 hit, 0 errors, 1 left on base; Oakland 2 - Long Island 9
BOTTOM OF THE 8TH
Long Island Lighthouse batting - Pitching for Oakland Oaks : LHP Risto Hannila
Pinch Hitting: RHB Myles Brundidge 0-0: Called Strike
0-1: Ball
1-1: Ball
2-1: Ball
3-1: Foul Ball, location: 2F
3-2: Fly out, F3 (Popup, 34, EV 81.9 MPH)
Batting: RHB Jonas van Claveren 0-0: Ground out 1-3 (Groundball, P, EV 84.4 MPH)
Batting: RHB Oliver Villalva 0-0: Called Strike
0-1: Ball
1-1: Ball
2-1: Called Strike
2-2: Strikes out swinging
Bottom of the 8th over - 0 runs, 0 hits, 0 errors, 0 left on base; Oakland 2 - Long Island 9
TOP OF THE 9TH
Oakland Oaks batting - Pitching for Long Island Lighthouse : RHP James Lendell Basford
Now at 1B: Myles Brundidge
Batting: LHB Conor Gotaas 0-0: Foul Ball, location: 2F
0-1: Ball
1-1: DOUBLE (Line Drive, 7LM, EV 86.2 MPH)
Batting: RHB Johnny Jones 0-0: SINGLE (Flyball, 9S, EV 91.9 MPH)
Conor Gotaas to third
Batting: LHB Michael Witt 0-0: Called Strike
0-1: Ball
1-1: Ball
Wild Pitch!
Conor Gotaas scores
Johnny Jones to second
2-1: Foul Ball, location: 2F
2-2: Ball
3-2: Base on Balls
Batting: RHB Tony Hernández 0-0: Ball
1-0: Called Strike
1-1: Foul Ball, location: 2F
1-2: SINGLE (Line Drive, 89S, EV 91.9 MPH)
Johnny Jones to third
Michael Witt to second
Batting: RHB Esteban Vázquez 0-0: Called Strike
0-1: Swinging Strike
0-2: Foul Ball, location: 2F
0-2: Ball
1-2: Foul Ball, location: 2F
1-2: Foul Ball, location: 2F
1-2: Ball
2-2: Foul Ball, location: 2F
2-2: Ball
3-2: Strikes out swinging
Batting: LHB Norbert Ingalsbe 0-0: Called Strike
0-1: Fly out, F7 (Line Drive, 7, EV 90.6 MPH)
Runner from 3rd tags up, SCORES, no throw by LF
Batting: RHB Sebastian Franke 0-0: Called Strike
0-1: DOUBLE (Groundball, 5L, EV 106.9 MPH)
Michael Witt scores
Tony Hernández to third
Pitching: RHP Carlos Rodríguez
Batting: LHB Gabriel Montoya 0-0: Ball
1-0: Ball
2-0: Swinging Strike
2-1: DOUBLE (Line Drive, 9LM, EV 103.8 MPH)
Tony Hernández scores
Sebastian Franke scores
Batting: SHB Cecil Nelson 0-0: Ball
1-0: Ball
2-0: Ball
3-0: Called Strike
3-1: Swinging Strike
3-2: Strikes out swinging
Top of the 9th over - 5 runs, 5 hits, 0 errors, 1 left on base; Oakland 7 - Long Island 9
Tuesday, January 5th, 2021 - OOTP Baseball 20.8 Build 74